 Dungeon Crawl Stone Soup version 0.18.1-8-gdd0e5ea (webtiles) character file.

8423 Azru the Bludgeoner (level 11, 0/120 HPs)
             Began as an Ogre Abyssal Knight on June 5, 2016.
             Was the Champion of Lugonu.
             Slain by a black mamba (14 damage)
             ... on level 1 of the Lair of Beasts.
             The game lasted 00:43:41 (9848 turns).

Azru the Bludgeoner (Ogre Abyssal Knight)           Turns: 9848, Time: 00:43:42

Health: 0/120      AC:  7    Str: 19    XL:     11   Next: 30%
Magic:  15/15      EV:  4    Int: 14    God:    Lugonu [******]
Gold:   609        SH:  0    Dex: 11    Spells: 0 memorised, 10 levels left

rFire  . . .     SeeInvis +     a - +1 mace
rCold  . . .     Gourm    .     m - +2 robe of vines {NoDeviceHeal Regen+7}
rNeg   . . .     Faith    .     (no shield)
rPois  .         Spirit   .     (helmet restricted)
rElec  .         Dismiss  .     s - +0 cloak
rCorr  .         Reflect  .     (gloves unavailable)
SustAt .         Harm     .     (boots unavailable)
MR     +....                    E - amulet of regeneration
Stlth  ++........               K - ring of see invisible
                                J - +1 ring of protection

@: lethally poisoned (0 -> -1), very heavily drained, somewhat resistant to
hostile enchantments, unstealthy
A: unfitting armour, thin skeletal structure 1, tough skin 1, MP-powered wands
a: Depart the Abyss, Bend Space, Banish, Corrupt, Enter the Abyss, Brand Weapon
With Distortion, Renounce Religion


You were on level 1 of the Lair of Beasts.
You worshipped Lugonu.
Lugonu was exalted by your worship.
You were very hungry.

You visited 2 branches of the dungeon, and saw 12 of its levels.
You visited the Abyss 1 time.
You also visited: Sewer and Ossuary.

You collected 714 gold pieces.
You spent 105 gold pieces at shops.

Inventory:

Hand Weapons
 a - a +1 mace (weapon)
 u - a +0 morningstar
 P - a +0 giant spiked club
Armour
 m - the +2 robe of vines (worn) {NoDeviceHeal Regen+7}
   (You found it on level 4 of the Dungeon)

   It increases your rate of regeneration.
 s - a +0 cloak (worn)
 M - a +2 robe
Jewellery
 e - an uncursed amulet of guardian spirit
 j - an uncursed amulet of magic regeneration
 E - an amulet of regeneration (around neck)
 J - a +1 ring of protection (left hand)
 K - a ring of see invisible (right hand)
 T - a cursed amulet of inaccuracy {unknown}
Wands
 l - a wand of flame (25/48)
 n - a wand of random effects (42/48)
 B - a wand of iceblast (4/15)
 R - a wand of disintegration (11/24)
Scrolls
 b - a scroll of fog {unknown}
 d - 7 scrolls of remove curse
 k - a scroll of teleportation
 o - a scroll of enchant armour
 p - 7 scrolls of blinking
 q - a scroll of fear
 t - 2 scrolls of identify
 y - 3 scrolls of amnesia
 A - 3 scrolls of magic mapping
 C - 2 scrolls of recharging
 I - a scroll of vulnerability
Potions
 f - 2 potions of flight
 i - 4 potions of lignification
 r - a potion of cure mutation {unknown}
 v - 5 potions of curing
 x - 3 potions of cancellation
 z - 3 potions of ambrosia
 D - 2 potions of heal wounds {unknown}
 G - 4 potions of agility
 H - 2 potions of invisibility {unknown}
 Q - a potion of brilliance {unknown}
Books
 h - a book of Party Tricks

   Spells                             Type                      Level
   a - Summon Butterflies             Summoning                    1
   b - Apportation                    Translocation                1
   c - Tukima's Dance                 Hexes                        3
   d - Alistair's Intoxication        Transmutation/Poison         5
   e - Invisibility                   Hexes                        6
 F - a book of Power

   Spells                             Type                      Level
   a - Fulminant Prism                Conjuration/Hexes            4
   b - Iskenderun's Mystic Blast      Conjuration                  4
   c - Venom Bolt                     Conjuration/Poison           5
   d - Bolt of Magma                  Conjuration/Fire/Earth       5
   e - Iron Shot                      Conjuration/Earth            6
   f - Orb of Destruction             Conjuration                  7
   g - Spellforged Servitor           Conjuration/Summoning        7
Comestibles
 c - 8 bread rations
 g - 2 meat rations
 w - 8 beef jerkies
 L - 7 slices of pizza
 O - 6 fruits


   Skills:
 + Level 11.1(0.0) Fighting
 * Level 17.7(3.8) Maces & Flails
 - Level 4.0(0.0) Dodging
 - Level 6.5(0.0) Invocations


You had 10 spell levels left.
You didn't know any spells.

Dungeon Overview and Level Annotations

Branches:
Dungeon (11/15)            Temple (0/1) D:5            Lair (1/8) D:9
    Orc (0/2) D:9

Altars:
Ashenzari
Dithmenos
Gozag
Kikubaaqudgha
Okawaru
Qazlal
Ru
Vehumet
The Shining One

Shops:
D:5 ?

Annotations:
D:11 Sonja


Innate Abilities, Weirdness & Mutations

You are too large for most types of armour.
You have tough skin (AC +1).
You have a somewhat thin skeletal structure (Dex +2, Stealth).
You expend magic power (3 MP) to strengthen your wands.


Message History

You feel very sick.
The komodo dragon hisses menacingly.
The komodo dragon misses you. The black mamba bites you!
You are more poisoned.
The black mamba poisons you!
You feel very sick.
There is a staircase back to the Dungeon here.
You hit the fungus.
The fungus is lightly damaged.
You feel very sick. The black mamba bites you! The black mamba bites you.
You are more poisoned.
The black mamba poisons you!
You feel very sick. The black mamba bites you!!
* * * LOW HITPOINT WARNING * * *
The komodo dragon bites you!!
* * * LOW HITPOINT WARNING * * *
The black mamba bites you!
You die...

#######
##.....##
##.P...P.##
#......PP.#
#...PPP...#
#...P@P...#
#...lSP...#
#.P.......#
##.......##
##.....##
###.### ..#
... ...


You could see a komodo dragon and a black mamba.

Vanquished Creatures
  Psyche (D:8)
  The ghost of lupus83 the Basher, an amateur MiFi (D:4)
  A two-headed ogre (D:9)
  4 slime creatures
  A vampire (D:11)
  Sigmund (D:8)
  A wraith (D:9)
  A hippogriff (D:8)
  A hog (D:7)
  A human (D:7)
  A hungry ghost (D:7)
  2 water moccasins
  Duvessa (D:6)
  Purgy (Sewer)
  A black bear (D:6)
  3 orc warriors (D:7)
  An ice beast (D:5)
  5 ogres
  A wasp (D:10)
  2 necrophages
  A phantom (D:6)
  3 centaurs
  5 big kobolds
  8 elf zombies (Ossuary)
  2 giant frogs (D:9)
  Dowan (D:6)
  A scorpion (D:10)
  4 killer bees (D:11)
  8 wights (D:10)
  8 howler monkeys
  6 crimson imps
  A giant frog zombie (D:8)
  4 hounds
  2 human zombies (Ossuary)
  2 centaur zombies (Ossuary)
  5 jellies
  6 orc priests
  A wasp zombie (D:10)
  A centaur skeleton (D:5)
  6 orc wizards
  A giant frog skeleton (D:6)
  Jessica (D:3)
  11 worker ants
  4 iguanas
  3 sheep (D:7)
  A hound zombie (D:6)
  3 mummies (Ossuary)
  Robin (D:3)
  12 gnolls
  12 adders
  2 howler monkey skeletons
  4 shadow imps
  2 oozes
  An adder zombie (D:8)
  A worm (D:2)
  14 dart slugs
  11 giant geckos
  20 orcs
  A ball python (D:2)
  9 bats
  9 giant cockroaches
  39 goblins
  40 hobgoblins
  13 jackals
  4 quokkas
  3 giant newts
  A goblin zombie (D:4)
  34 kobolds
  A quokka skeleton (D:7)
  A quokka zombie (D:4)
  5 rats
370 creatures vanquished.

Notes
Turn   | Place    | Note
--------------------------------------------------------------
     0 | Abyss:1  | Azru the Ogre Abyssal Knight began the quest for the Orb.
     0 | Abyss:1  | Reached XP level 1. HP: 24/24 MP: 2/2
    86 | Abyss:1  | Noticed a starcursed mass
   108 | Abyss:1  | Noticed a large abomination
   113 | D:1      | Escaped the Abyss
   249 | D:1      | Reached XP level 2. HP: 26/32 MP: 3/3
   273 | D:1      | Reached skill level 3 in Maces & Flails
   336 | D:1      | Reached * piety under Lugonu
   877 | D:1      | Reached XP level 3. HP: 40/40 MP: 4/4
  1163 | D:2      | Reached ** piety under Lugonu
  1392 | D:2      | Reached XP level 4. HP: 48/49 MP: 6/6
  1395 | D:2      | Reached skill level 5 in Fighting
  1694 | D:3      | Noticed Robin
  1719 | D:3      | Gained mutation: You have a somewhat thin skeletal structure (Dex +2, Stealth). [potion of mutation]
  1719 | D:3      | Gained mutation: You expend magic power (3 MP) to strengthen your wands. [potion of mutation]
  1720 | D:3      | Reached skill level 14 in Maces & Flails
  1720 | D:3      | Reached XP level 5. HP: 27/57 MP: 7/7
  2215 | D:3      | Noticed Jessica
  2224 | D:3      | Killed Jessica
  2276 | D:3      | Killed Robin
  2286 | D:3      | Found a radiant altar of Vehumet.
  2287 | D:3      | Found an opulent altar of Gozag.
  2299 | D:3      | Reached XP level 6. HP: 59/66 MP: 8/8
  2365 | D:3      | Reached *** piety under Lugonu
  3290 | D:4      | Noticed lupus83's ghost (amateur MiFi)
  3668 | D:4      | Reached XP level 7. HP: 70/74 MP: 7/9
  3775 | D:4      | Reached **** piety under Lugonu
  3837 | D:4      | Killed lupus83's ghost
  3986 | D:4      | Found a sand-covered staircase.
  3993 | Ossuary  | Entered an ossuary
  4011 | Ossuary  | Reached XP level 8. HP: 84/84 MP: 11/11
  4100 | Ossuary  | Reached skill level 5 in Invocations
  4155 | Ossuary  | Reached skill level 15 in Maces & Flails
  4392 | D:5      | Entered Level 5 of the Dungeon
  4441 | D:5      | Found Isacroh's Magic Scroll Emporium.
  4457 | D:5      | Reached XP level 9. HP: 81/94 MP: 8/13
  4462 | D:5      | Bought a scroll of blinking for 105 gold pieces
  4510 | D:5      | Found a sacrificial altar of Ru.
  4725 | D:5      | Reached ***** piety under Lugonu
  5193 | D:5      | Found a staircase to the Ecumenical Temple.
  5526 | D:6      | Found a shattered altar of Ashenzari.
  5589 | D:6      | Noticed Duvessa
  5593 | D:6      | Noticed Dowan
  5598 | D:6      | Found a shadowy altar of Dithmenos.
  5607 | D:6      | Killed Dowan
  5624 | D:6      | Killed Duvessa
  5934 | D:6      | Found a glowing golden altar of the Shining One.
  6014 | D:6      | Reached ****** piety under Lugonu
  6133 | D:6      | Found a glowing drain.
  6145 | Sewer    | Entered a sewer
  6210 | Sewer    | Noticed Purgy
  6225 | Sewer    | Killed Purgy
  6470 | D:7      | Found a glowing golden altar of the Shining One.
  6538 | D:6      | Reached XP level 10. HP: 77/106 MP: 14/14
  6970 | D:7      | Reached skill level 16 in Maces & Flails
  7149 | D:8      | Noticed Psyche
  7164 | D:8      | Killed Psyche
  7244 | D:8      | Found an iron altar of Okawaru.
  7358 | D:8      | Reached skill level 10 in Fighting
  7528 | D:8      | Noticed Sigmund
  7552 | D:8      | Killed Sigmund
  7977 | D:8      | Found a stormy altar of Qazlal.
  8142 | D:9      | Found a staircase to the Orcish Mines.
  8607 | D:9      | Found an ancient bone altar of Kikubaaqudgha.
  8726 | D:9      | Found a staircase to the Lair.
  8745 | D:10     | Entered Level 10 of the Dungeon
  8780 | D:10     | Reached skill level 17 in Maces & Flails
  8786 | D:10     | Reached XP level 11. HP: 119/119 MP: 15/15
  8893 | D:10     | Paralysed by a wasp for 2 turns
  9683 | D:11     | Noticed Sonja
  9839 | Lair:1   | Entered Level 1 of the Lair of Beasts
  9848 | Lair:1   | Slain by a black mamba

Skill      XL: |  1  2  3  4  5  6  7  8  9 10 11 |
---------------+----------------------------------+-----
Maces & Flails | 3 14 15 17 | 17.7
Fighting       | 5 6 7 8 10 11 | 11.1
Invocations    | 3 4 5 6 |  6.5
Dodging        | 3 4 |  4.0

Action                   |  1- 3 |  4- 6 |  7- 9 | 10-12 || total
-------------------------+-------+-------+-------+-------++-------
Melee: Mace              |   118 |   218 |    49 |     4 ||   389
       Morningstar       |       |       |   579 |   472 ||  1051
Invok: Depart the Abyss  |     1 |       |       |       ||     1
Evoke: Wand              |       |       |       |     1 ||     1
  Use: Potion            |       |     5 |       |     1 ||     6
       Scroll            |       |    10 |     2 |     6 ||    18
 Stab: Sleeping          |       |     3 |     1 |       ||     4
       Distracted        |       |     1 |       |       ||     1
  Eat: Chunk             |     2 |     7 |    10 |    12 ||    31
Armor: Robe              |    45 |    57 |   141 |   118 ||   361
Dodge: Dodged            |    88 |   134 |   291 |   212 ||   725
